TOP OF THE 1ST |
Seattle Pikes batting - Pitching for Birmingham Steeldogs : RHP Albert Gonzáles
|
Pitching: RHP Albert Gonzáles
|
|
Batting: LHB Bruno Lalonde
|
0-0: Ball 1-0: Ball 2-0: Ball 3-0: Base on Balls
|
Batting: RHB Manuel Rico
|
0-0: Called Strike 0-1: Grounds into double play, 1-4-3 (Groundball, 13)
|
Batting: LHB Luka Lagerweij
|
0-0: Called Strike 0-1: Foul Ball, location: 2F 0-2: Foul Ball, location: 2F 0-2: Strikes out looking
|
Top of the 1st over - 0 run(s), 0 hit(s), 0 error(s), 0 left on base; Seattle 0 - Birmingham 0 |
BOTTOM OF THE 1ST |
Birmingham Steeldogs batting - Pitching for Seattle Pikes : RHP Jesús Suárez
|
Pitching: RHP Jesús Suárez
|
|
Batting: LHB Glenn Garrett
|
0-0: Ball 1-0: Called Strike 1-1: Ground out 4-3 (Groundball, 4)
|
Batting: LHB José Sánchez
|
0-0: Ball 1-0: Ball 2-0: Swinging Strike 2-1: Foul Ball, location: 2F 2-2: Ground out U3 (Groundball, 3L)
|
Batting: SHB Jesús Ramírez
|
0-0: Ball 1-0: SINGLE (Groundball, 5D)
|
Batting: LHB Arturo Molina
|
0-0: Called Strike 0-1: Ball 1-1: Ball Wild Pitch! Jesús Ramírez to second 2-1: DOUBLE (Groundball, 3L) Jesús Ramírez scores
|
Batting: RHB Raúl Soto
|
0-0: Swinging Strike 0-1: Ball 1-1: Ground out 1-3 (Groundball, 15)
|
Bottom of the 1st over - 1 run(s), 2 hit(s), 0 error(s), 1 left on base; Seattle 0 - Birmingham 1 |
TOP OF THE 2ND |
Seattle Pikes batting - Pitching for Birmingham Steeldogs : RHP Albert Gonzáles
|
Batting: RHB António Ortega
|
0-0: Foul Ball, location: 2F 0-1: Ball 1-1: Ball 2-1: SINGLE (Groundball, 56D)
|
Batting: RHB John Anderson
|
0-0: Foul Ball, location: 2F 0-1: Called Strike 0-2: Grounds into double play, 5-4-3 (Groundball, 56)
|
Batting: LHB Chad Weaver
|
0-0: Ball 1-0: SINGLE (Groundball, 25) (infield hit)
|
Batting: SHB Jong-min Kim
|
0-0: Ball 1-0: Called Strike 1-1: Ball 2-1: Foul Ball, location: 2F 2-2: Ball 3-2: Foul Ball, location: 2F 3-2: Fly out, F7 (Flyball, 78M)
|
Top of the 2nd over - 0 run(s), 2 hit(s), 0 error(s), 1 left on base; Seattle 0 - Birmingham 1 |
BOTTOM OF THE 2ND |
Birmingham Steeldogs batting - Pitching for Seattle Pikes : RHP Jesús Suárez
|
Batting: LHB Chris Miller
|
0-0: Ball 1-0: Called Strike 1-1: DOUBLE (Line Drive, 78M)
|
Batting: LHB Mitchell Oglethorpe
|
0-0: Ball 1-0: Foul Ball, location: 2F 1-1: Called Strike 1-2: Foul Ball, location: 2F 1-2: Foul Ball, location: 2F 1-2: Strikes out looking
|
Batting: SHB John Miller
|
0-0: Called Strike 0-1: Ground out U3 (Groundball, 3) Chris Miller to third
|
Batting: RHB Paço Ttes
|
0-0: SINGLE (Line Drive, 89S) Chris Miller scores
|
Batting: LHB Glenn Garrett
|
0-0: Ground out 3-1 (Groundball, 34)
|
Bottom of the 2nd over - 1 run(s), 2 hit(s), 0 error(s), 1 left on base; Seattle 0 - Birmingham 2 |
TOP OF THE 3RD |
Seattle Pikes batting - Pitching for Birmingham Steeldogs : RHP Albert Gonzáles
|
Batting: RHB George Howard
|
0-0: Ball 1-0: Called Strike 1-1: Called Strike 1-2: Foul Ball, location: 2F 1-2: Strikes out looking
|
Batting: RHB Naomi Kitamura
|
0-0: Called Strike 0-1: Ball 1-1: Foul Ball, location: 2F 1-2: Strikes out swinging, 2-3 out at first.
|
Batting: LHB Bruno Lalonde
|
0-0: Ball 1-0: Foul Ball, location: 2F 1-1: Foul Ball, location: 2F 1-2: Fly out, F7 (Flyball, 78D)
|
Top of the 3rd over - 0 run(s), 0 hit(s), 0 error(s), 0 left on base; Seattle 0 - Birmingham 2 |
BOTTOM OF THE 3RD |
Birmingham Steeldogs batting - Pitching for Seattle Pikes : RHP Jesús Suárez
|
Batting: LHB José Sánchez
|
0-0: Called Strike 0-1: Foul Ball, location: 2F 0-2: Ball 1-2: Fly out, F9 (Line Drive, 89D)
|
Batting: SHB Jesús Ramírez
|
0-0: Called Strike 0-1: Ball 1-1: Swinging Strike 1-2: Foul Ball, location: 2F 1-2: SINGLE (Groundball, 3L)
|
Batting: LHB Arturo Molina
|
0-0: Swinging Strike 0-1: Ball 1-1: Called Strike 1-2: Ball 2-2: Strikes out swinging
|
Batting: RHB Raúl Soto
|
0-0: Ball 1-0: Called Strike 1-1: Foul Ball, location: 2F 1-2: Ground out 5-3 (Groundball, 56S)
|
Bottom of the 3rd over - 0 run(s), 1 hit(s), 0 error(s), 1 left on base; Seattle 0 - Birmingham 2 |
TOP OF THE 4TH |
Seattle Pikes batting - Pitching for Birmingham Steeldogs : RHP Albert Gonzáles
|
Batting: RHB Manuel Rico
|
0-0: Foul Ball, location: 2F 0-1: Ball 1-1: Ground out 1-3 (Groundball, 34S)
|
Batting: LHB Luka Lagerweij
|
0-0: Foul Ball, location: 2F 0-1: Ball 1-1: Foul Ball, location: 2F 1-2: Ball 2-2: Ball 3-2: SINGLE (Line Drive, 89S)
|
Batting: RHB António Ortega
|
0-0: Called Strike 0-1: Foul Ball, location: 2F 0-2: Strikes out swinging
|
Batting: RHB John Anderson
|
0-0: Foul Ball, location: 2F 0-1: Called Strike 0-2: Ball 1-2: Strikes out swinging
|
Top of the 4th over - 0 run(s), 1 hit(s), 0 error(s), 1 left on base; Seattle 0 - Birmingham 2 |
BOTTOM OF THE 4TH |
Birmingham Steeldogs batting - Pitching for Seattle Pikes : RHP Jesús Suárez
|
Batting: LHB Chris Miller
|
0-0: SINGLE (Line Drive, 6MD)
|
Batting: LHB Mitchell Oglethorpe
|
0-0: Reached on error, E3 (Groundball, 34) Chris Miller to third
|
Batting: SHB John Miller
|
0-0: Fly out, F9 (Flyball, 9D) Runner from 3rd tags up, SCORES, no throw
|
Batting: RHB Paço Ttes
|
0-0: Swinging Strike 0-1: Foul Ball, location: 2F 0-2: Ball 1-2: 2-RUN HOME RUN (Line Drive, 7LD), Distance : 352 ft
|
Batting: LHB Glenn Garrett
|
0-0: Ball 1-0: Foul Ball, location: 2F 1-1: Swinging Strike 1-2: SINGLE (Flyball, 8RS)
|
Batting: LHB José Sánchez
|
0-0: Ball 1-0: Swinging Strike 1-1: Called Strike 1-2: Foul Ball, location: 2F 1-2: Fielders Choice at 2nd, 1-4 (Groundball, 15)
|
Batting: SHB Jesús Ramírez
|
0-0: Called Strike 0-1: Fly out, F8 (Flyball, 8LM)
|
Bottom of the 4th over - 3 run(s), 3 hit(s), 1 error(s), 1 left on base; Seattle 0 - Birmingham 5 |
TOP OF THE 5TH |
Seattle Pikes batting - Pitching for Birmingham Steeldogs : RHP Albert Gonzáles
|
Batting: LHB Chad Weaver
|
0-0: Fly out, F7 (Flyball, 7S)
|
Batting: SHB Jong-min Kim
|
0-0: Ball 1-0: Called Strike 1-1: Fly out, F9 (Flyball, 89D)
|
Batting: RHB George Howard
|
0-0: Swinging Strike 0-1: Swinging Strike 0-2: SOLO HOME RUN (Flyball, 78XD), Distance : 406 ft
|
Batting: RHB Naomi Kitamura
|
0-0: Ball 1-0: Foul Ball, location: 2F 1-1: Called Strike 1-2: Strikes out swinging
|
Top of the 5th over - 1 run(s), 1 hit(s), 0 error(s), 0 left on base; Seattle 1 - Birmingham 5 |
BOTTOM OF THE 5TH |
Birmingham Steeldogs batting - Pitching for Seattle Pikes : RHP Jesús Suárez
|
Batting: LHB Arturo Molina
|
0-0: Ball 1-0: SINGLE (Line Drive, 6MD)
|
Batting: RHB Raúl Soto
|
0-0: Swinging Strike 0-1: Foul Ball, location: 2F 0-2: Ball 1-2: SINGLE (Line Drive, 7S) Arturo Molina to second
|
Batting: LHB Chris Miller
|
0-0: Called Strike 0-1: Foul Ball, location: 2F 0-2: Foul Ball, location: 2F 0-2: Grounds into double play, U3-6 (Groundball, 3L) Arturo Molina to third
|
Batting: LHB Mitchell Oglethorpe
|
0-0: Swinging Strike 0-1: Ball 1-1: Ball 2-1: Foul Ball, location: 2F 2-2: Ball 3-2: Strikes out swinging
|
Bottom of the 5th over - 0 run(s), 2 hit(s), 0 error(s), 1 left on base; Seattle 1 - Birmingham 5 |
TOP OF THE 6TH |
Seattle Pikes batting - Pitching for Birmingham Steeldogs : RHP Albert Gonzáles
|
Batting: LHB Bruno Lalonde
|
0-0: Called Strike 0-1: Ball 1-1: Ball 2-1: Ball 3-1: Called Strike 3-2: Fly out, F8 (Flyball, 8LM)
|
Batting: RHB Manuel Rico
|
0-0: Ball 1-0: Ball 2-0: Swinging Strike 2-1: Foul Ball, location: 2F 2-2: Foul Ball, location: 2F 2-2: Ball 3-2: Strikes out looking
|
Batting: LHB Luka Lagerweij
|
0-0: Ball 1-0: Foul Ball, location: 2F 1-1: Ball 2-1: Swinging Strike 2-2: Strikes out looking
|
Top of the 6th over - 0 run(s), 0 hit(s), 0 error(s), 0 left on base; Seattle 1 - Birmingham 5 |
BOTTOM OF THE 6TH |
Birmingham Steeldogs batting - Pitching for Seattle Pikes : RHP Jesús Suárez
|
Pitching: RHP António Rijo
|
|
Batting: SHB John Miller
|
0-0: DOUBLE (Line Drive, 8LM)
|
Batting: RHB Paço Ttes
|
0-0: Called Strike 0-1: SINGLE (Flyball, 9LS) John Miller to third Runner from 3rd tries for Home, SAFE, no throw or cutoff
|
Batting: LHB Glenn Garrett
|
0-0: Ball 1-0: Foul Ball, location: 2F 1-1: Foul Ball, location: 2F 1-2: Ball 2-2: Ball 3-2: Base on Balls Paço Ttes to second
|
Batting: LHB José Sánchez
|
0-0: Grounds out, U3 (Groundball, 3L) Paço Ttes to third
|
Batting: SHB Jesús Ramírez
|
0-0: Ball 1-0: Ball 2-0: Ball 3-0: Called Strike 3-1: Called Strike 3-2: Strikes out swinging
|
Batting: LHB Arturo Molina
|
0-0: Ball 1-0: Foul Ball, location: 2F 1-1: Ball 2-1: Ball 3-1: Base on Balls
|
Batting: RHB Raúl Soto
|
0-0: Called Strike 0-1: SINGLE (Flyball, 78S) Paço Ttes scores Glenn Garrett to third Arturo Molina to second Runner from 3rd tries for Home, SAFE, throw made home Arturo Molina to third Raúl Soto to second
|
Pitching: RHP Josh Schmitt
|
|
Batting: LHB Chris Miller
|
0-0: Ball 1-0: SINGLE (Line Drive, 8LS) Arturo Molina scores Raúl Soto to third Runner from 3rd tries for Home, SAFE, no throw or cutoff
|
Batting: LHB Mitchell Oglethorpe
|
0-0: Ball 1-0: Called Strike 1-1: Foul Ball, location: 2F 1-2: Foul Ball, location: 2F 1-2: Ball 2-2: Ball 3-2: Foul Ball, location: 2F 3-2: Base on Balls Chris Miller to second
|
Batting: SHB John Miller
|
0-0: Ground out 4-3 (Groundball, 4)
|
Bottom of the 6th over - 5 run(s), 4 hit(s), 0 error(s), 2 left on base; Seattle 1 - Birmingham 10 |
TOP OF THE 7TH |
Seattle Pikes batting - Pitching for Birmingham Steeldogs : RHP Albert Gonzáles
|
Batting: RHB António Ortega
|
0-0: Called Strike 0-1: Swinging Strike 0-2: Ball 1-2: Ground out 6-3 (Groundball, 6M)
|
Batting: RHB John Anderson
|
0-0: Ball 1-0: Ground out 1-3 (Groundball, 13S)
|
Batting: LHB Chad Weaver
|
0-0: Swinging Strike 0-1: Swinging Strike 0-2: Strikes out swinging
|
Top of the 7th over - 0 run(s), 0 hit(s), 0 error(s), 0 left on base; Seattle 1 - Birmingham 10 |
BOTTOM OF THE 7TH |
Birmingham Steeldogs batting - Pitching for Seattle Pikes : RHP Josh Schmitt
|
Batting: RHB Paço Ttes
|
0-0: Ball 1-0: Foul Ball, location: 2F 1-1: Ball 2-1: Called Strike 2-2: Ball 3-2: Base on Balls
|
Batting: LHB Glenn Garrett
|
0-0: Sac Bunt - play at first, batter OUT! 1-3 Paço Ttes to second
|
Batting: LHB José Sánchez
|
0-0: Ground out 4-3 (Groundball, 4) Paço Ttes to third
|
Batting: SHB Jesús Ramírez
|
0-0: Ball 1-0: Ball 2-0: Swinging Strike 2-1: SINGLE (Groundball, 34D) Paço Ttes scores
|
Batting: LHB Arturo Molina
|
0-0: 2-RUN HOME RUN (Line Drive, 9D), Distance : 392 ft
|
Pitching: RHP Jim Nelson
|
|
Batting: RHB Raúl Soto
|
0-0: Ball 1-0: Swinging Strike 1-1: Swinging Strike 1-2: Ball 2-2: Strikes out looking
|
Bottom of the 7th over - 3 run(s), 2 hit(s), 0 error(s), 0 left on base; Seattle 1 - Birmingham 13 |
TOP OF THE 8TH |
Seattle Pikes batting - Pitching for Birmingham Steeldogs : RHP Albert Gonzáles
|
Pitching: LHP Juan Fuentes
|
|
Batting: SHB Jong-min Kim
|
0-0: Called Strike 0-1: Ball 1-1: Called Strike 1-2: Strikes out swinging
|
Batting: RHB George Howard
|
0-0: Called Strike 0-1: Foul Ball, location: 2F 0-2: Ground out 4-3 (Groundball, 34)
|
Batting: RHB Naomi Kitamura
|
0-0: Swinging Strike 0-1: Ball 1-1: Ball 2-1: Swinging Strike 2-2: Foul Ball, location: 2F 2-2: Ball 3-2: Strikes out looking
|
Top of the 8th over - 0 run(s), 0 hit(s), 0 error(s), 0 left on base; Seattle 1 - Birmingham 13 |
BOTTOM OF THE 8TH |
Birmingham Steeldogs batting - Pitching for Seattle Pikes : RHP Jim Nelson
|
Pinch Hitting: RHB Mario Hernández
|
0-0: Ball 1-0: Ball 2-0: Called Strike 2-1: Called Strike 2-2: Ball 3-2: Foul Ball, location: 2F 3-2: Strikes out swinging
|
Batting: LHB Mitchell Oglethorpe
|
0-0: Ball 1-0: Foul Ball, location: 2F 1-1: Ball 2-1: Swinging Strike 2-2: Strikes out swinging
|
Batting: SHB John Miller
|
0-0: Ball 1-0: Called Strike 1-1: Called Strike 1-2: Strikes out swinging
|
Bottom of the 8th over - 0 run(s), 0 hit(s), 0 error(s), 0 left on base; Seattle 1 - Birmingham 13 |
TOP OF THE 9TH |
Seattle Pikes batting - Pitching for Birmingham Steeldogs : LHP Juan Fuentes
|
Now in RF: Mario Hernández
|
|
Pinch Hitting: RHB Rafael Rincón
|
0-0: Fly out, F8 (Line Drive, 8LM)
|
Batting: RHB Manuel Rico
|
0-0: Called Strike 0-1: Swinging Strike 0-2: Ball 1-2: Strikes out swinging
|
Batting: LHB Luka Lagerweij
|
0-0: Called Strike 0-1: Swinging Strike 0-2: Ball 1-2: Strikes out swinging
|
Top of the 9th over - 0 run(s), 0 hit(s), 0 error(s), 0 left on base; Seattle 1 - Birmingham 13 |
|